 Dungeon Crawl Stone Soup version 0.17.1-2-g5865329 (webtiles) character file.

77 JustSomeDude the Skirmisher (level 4, 0/36 HPs)
             Began as a Demonspawn Fighter on Jan 19, 2016.
             Slain by Sigmund
             ... wielding a +0 scythe
              (6 damage)
             ... on level 2 of the Dungeon.
             The game lasted 00:02:24 (1375 turns).

JustSomeDude the Skirmisher (Demonspawn Fighter)    Turns: 1375, Time: 00:02:25

Health: 0/36       AC:  6    Str: 22    XL:     4   Next: 13%
Magic:  4/4        EV:  7    Int: 10    God:
Gold:   78         SH:  0    Dex: 12    Spells: 0 memorised, 3 levels left

rFire  . . .     SeeInvis .     a - +0 trident
rCold  . . .     Clarity  .     b - +0 scale mail
rNeg   . . .     SustAt   .     c - +0 shield
rPois  .         Gourm    .     (no helmet)
rElec  .         Spirit   .     (no cloak)
rCorr  .         Warding  .     (no gloves)
rMut   .         Stasis   .     (no boots)
MR     .....                    (no amulet)
Stlth  ..........               (no ring)
                                (no ring)

@: confused, mighty, flying, very slightly contaminated, hasted, invisible, very
quick, not resistant to hostile enchantments, extremely unstealthy
A: spiny 2
a: no special abilities


You were on level 2 of the Dungeon.
You were near starving.

You visited 1 branch of the dungeon, and saw 2 of its levels.

You collected 78 gold pieces.

Inventory:

Hand Weapons
 a - a +0 trident (weapon)
Armour
 b - a +0 scale mail (worn)
 c - a +0 shield (worn)
Jewellery
 i - an uncursed amulet of rage {unknown}
 l - a cursed -3 ring of evasion {unknown}
 n - an uncursed ring of stealth {unknown}
 p - a +3 ring of protection {unknown}
Scrolls
 f - a scroll of noise {unknown}
 g - a scroll of enchant weapon {unknown}
 k - 2 scrolls of identify {unknown}
 q - a scroll of recharging {unknown}
 s - 2 scrolls of immolation {unknown}
 t - a scroll of random uselessness {unknown}
 v - a scroll of fog {unknown}
Potions
 o - a potion of flight
Comestibles
 e - 2 bread rations
 h - 2 meat rations
 u - 3 fruits


   Skills:
 + Level 3.6 Fighting
 + Level 2.1 Polearms
 + Level 3.3 Armour
 + Level 1.0 Dodging
 + Level 0.2 Stealth
 + Level 3.1 Shields


You had 3 spell levels left.
You didn't know any spells.

Dungeon Overview and Level Annotations

Branches:
Dungeon (2/15)

Altars:
Ru

Annotations:
D:2 Sigmund


Innate Abilities, Weirdness & Mutations

You are mostly covered in sharp spines.


Message History

You are too confused!
You are too confused!
You are too confused!
You are too confused!
You are too confused!
Sigmund screams, "You will never...
NEVER!!!"
You bump into the stone wall.
You bump into the stone wall.
Sigmund gestures at you while chanting. You resist with some effort.
You are too confused!
You are too confused!
You are too confused!
You are too confused!
You completely miss Sigmund.
Sigmund is severely wounded.
Sigmund hits you with a scythe!
* * * LOW HITPOINT WARNING * * *
You bump into the stone wall.
Sigmund hits you with a scythe.
You die...

.# .#########
.........###############
########................
##### #.#######.######.
....# #.#######.######
###.# #.##...........# #
#.# #..#.####@####[# #
#.# ####.#...@...#.#
###.#######.#.##.##.#.# #
..........#.#.#...#.#.#.#
#####.###......._.......#
# #.# ###.#.#...#.#.###
#####.### #.#.##.##.#.#
........# #.#.......#.#
.####.#.# #.####.####.#
.###....# #...........#


You could see Sigmund.

Vanquished Creatures
  3 adders (D:2)
  An ooze (D:2)
  A worm (D:2)
  A ball python (D:1)
  8 bats
  4 goblins
  7 hobgoblins
  4 jackals (D:2)
  2 giant geckos (D:2)
  4 kobolds
  5 rats
40 creatures vanquished.

Vanquished Creatures (others)
  7 toadstools (D:1)
7 creatures vanquished.

Grand Total: 47 creatures vanquished

Notes
Turn   | Place    | Note
--------------------------------------------------------------
     0 | D:1      | JustSomeDude the Demonspawn Fighter began the quest for the Orb.
     0 | D:1      | Reached XP level 1. HP: 18/18 MP: 1/1
   204 | D:1      | Gained mutation: You are partially covered in sharp spines. [demonic ancestry]
   204 | D:1      | Reached XP level 2. HP: 17/24 MP: 2/2
   711 | D:2      | Found a sacrificial altar of Ru.
   719 | D:2      | Reached XP level 3. HP: 22/29 MP: 3/3
   815 | D:2      | Reached skill level 1 in Dodging
   830 | D:2      | Gained mutation: You are mostly covered in sharp spines. [demonic ancestry]
   830 | D:2      | Reached XP level 4. HP: 31/36 MP: 4/4
  1349 | D:2      | Noticed Sigmund
  1375 | D:2      | Slain by Sigmund

Action                   |  1- 3 |  4- 6 || total
-------------------------+-------+-------++-------
Melee: Trident           |    83 |    38 ||   121
  Use: Potion            |       |     5 ||     5
